 Dungeon Sprint DCSS version 0.28-a0-664-gc179e30c89 (webtiles) character file.

Game seed: 5366309405642031039

76 iamoutofideas the Thaumaturge (level 4, -6/24 HPs)
             Began as a Deep Elf Hedge Wizard on Oct 15, 2021.
             Mangled by a water elemental (12 damage)
             ... in the Dungeon (Sprint III: "The Ten Rune Challenge").
             The game lasted 00:04:10 (684 turns).

iamoutofideas the Thaumaturge (DEWz)                 Turns: 684, Time: 00:04:12

Health: -6/24      AC:  3    Str:  7    XL:     4   Next: 12%
Magic:  5/17       EV: 13    Int: 20    God:
Gold:   41         SH:  0    Dex: 14    Spells: 9/22 levels left

rFire   . . .      SeeInvis .   a - +0 dagger
rCold   + . .      Faith    .   (no shield)
rNeg    . . .      Spirit   .   b - +0 robe
rPois   +          Reflect  .   c - +0 hat
rElec   .          Harm     .   l - +0 cloak
rCorr   .          Rampage  .   (no gloves)
Will    .....      NoTele   +   (no boots)
Stlth   ++........              (no amulet)
HPRegen 0.08/turn               (no ring)
MPRegen 0.15/turn               (no ring)

@: very slightly contaminated
A: cold resistance 1, deterioration 1, poison resistance
a: no special abilities


You were in the Dungeon.
You visited 1 branch You collected 41 gold pieces.

Inventory:

Hand Weapons
 a - a +0 dagger (weapon)
 m - a +4 quarterstaff of chaos
Armour
 b - a +0 robe (worn)
 c - a +0 hat (worn)
 l - a +0 cloak (worn)
Scrolls
 i - 2 scrolls of blinking
 o - a scroll of torment {unknown}
 q - a scroll of holy word {unknown}
 r - a scroll of identify {unknown}
Potions
 d - a potion of curing
 e - a potion of heal wounds
 f - a potion of haste
 g - 2 potions of magic
 h - a potion of berserk rage
 j - a potion of brilliance {unknown}
 k - a potion of ambrosia {unknown}
 p - 3 potions of flight
 s - a potion of lignification {unknown}


   Skills:
 + Level 3.9 Dodging
 + Level 3.7 Stealth
 + Level 9.9 Spellcasting
 * Level 2.5 Conjurations
 + Level 0.9 Hexes
 + Level 1.4 Summonings
 + Level 1.2 Translocations


You had 9 spell levels left.
You knew the following spells:

 Your Spells              Type           Power      Damage    Failure   Level
a - Magic Dart            Conj           80%        1d7       2%          1
b - Blink                 Tloc           N/A        N/A       6%          2
c - Slow                  Hex            13%        N/A       7%          2
d - Mephitic Cloud        Conj/Pois/Air  13%        N/A       14%         3
e - Conjure Flame         Conj/Fire      15%        6-21      12%         3
f - Call Imp              Summ           15%        N/A       6%          2

Your spell library contained the following spells:

 Spells                   Type           Power      Damage    Failure   Level


Dungeon Overview and Level Annotations

Branches:
Dungeon (1/1)

Altars:


Innate Abilities, Weirdness & Mutations

Your flesh is cold resistant. (rC+)
Your body sometimes deteriorates upon taking damage.
Your system is resistant to poisons. (rPois)


Message History

Aiming: Magic Dart (safe; 2% risk of failure)
Press: ? - help, Shift-Dir - straight line, f/p - water elemental
Aim: a water elemental (moderately damaged, ally target, 100% to hit)
The magic dart hits the water elemental.
The water elemental is heavily damaged.
Unknown command.
Casting: Magic Dart (safe; 2% risk of failure)
Confirm with . or Enter, or press ? or * to list all spells.
You blink.
Your crimson imp blinks!
Casting: Blink (safe; 6% risk of failure)
Confirm with . or Enter, or press ? or * to list all spells.
Aiming: Magic Dart (safe; 2% risk of failure)
Press: ? - help, Shift-Dir - straight line, f/p - water elemental
Aim: a water elemental (heavily damaged, 100% to hit)
The magic dart hits the water elemental.
The water elemental is severely damaged.
Casting: Magic Dart (safe; 2% risk of failure)
Confirm with . or Enter, or press ? or * to list all spells.
Aiming: Magic Dart (safe; 2% risk of failure)
Press: ? - help, Shift-Dir - straight line, f/p - water elemental
Aim: a water elemental (severely damaged, ally target, 100% to hit)
The magic dart hits the water elemental.
The water elemental is severely damaged.
Your crimson imp hits the water elemental but does no damage.
Unknown command.
Casting: Magic Dart (safe; 2% risk of failure)
Confirm with . or Enter, or press ? or * to list all spells.
Aiming: Magic Dart (safe; 2% risk of failure)
Press: ? - help, Shift-Dir - straight line, f/p - water elemental
Aim: a water elemental (severely damaged, ally target, 100% to hit)
The magic dart hits the water elemental but does no damage.
The water elemental is severely damaged.
Casting: Magic Dart (safe; 2% risk of failure)
Confirm with . or Enter, or press ? or * to list all spells.
You miscast Blink.
You are very lightly contaminated with residual magic.
Nothing appears to happen.
The water elemental hits you!
Ouch! That really hurt!
You die...

▓..##.÷.....#..#..#
▓##.##.##...#..#..# #+#+#
##.##.###..##'#..#......
▓#.####.##.)###...'.⌠....
▓.###..##..####...#...###
▓#.....##..###....# ⌠.#
###†.##...##.....# .#
#..##....#E5....# #
#..###..##@#.....# #[.
#.. ####....# ▓▓▓ ▓▓▓
▓▓▓▓▓▓


You could see a water elemental (ally target) and a friendly crimson imp
(summoned).

Vanquished Creatures
  Crazy Yiuf (D)
  Jessica (D)
  An endoplasm (D)
  2 rats (D)
5 creatures vanquished.

Vanquished Creatures (collateral kills)
  A human (D)
1 creature vanquished.

Vanquished Creatures (others)
  A plant (D)
1 creature vanquished.

Grand Total: 7 creatures vanquished

Notes
Turn   | Place    | Note
-------+----------+-------------------------------------------
     0 | D        | iamoutofideas the Deep Elf Hedge Wizard began the quest for
                  | the Orb.
     0 | D        | Reached XP level 1. HP: 10/10 MP: 7/7
    11 | D        | Reached skill level 5 in Spellcasting
   170 | D        | Noticed Jessica
   177 | D        | Killed Jessica
   178 | D        | Reached skill level 8 in Spellcasting
   178 | D        | Reached XP level 2. HP: 11/15 MP: 2/13
   178 | D        | Reached XP level 3. HP: 13/19 MP: 2/14
   263 | D        | Learned a level 2 spell: Blink
   266 | D        | Learned a level 2 spell: Slow
   270 | D        | Learned a level 3 spell: Mephitic Cloud
   274 | D        | Learned a level 3 spell: Conjure Flame
   277 | D        | Learned a level 2 spell: Call Imp
   282 | D        | Noticed Crazy Yiuf
   312 | D        | Reached skill level 9 in Spellcasting
   579 | D        | Killed Crazy Yiuf
   580 | D        | Reached XP level 4. HP: 24/24 MP: 8/17
   659 | D        | Gained mutation: You expend magic power (3 MP) to
                  | strengthen your wands. [potion of mutation]
   659 | D        | Gained mutation: You have a pair of small antennae on your
                  | head. [potion of mutation]
   659 | D        | Gained mutation: You possess an exceptional clarity of
                  | mind. [potion of mutation]
   661 | D        | Lost mutation: You possess an exceptional clarity of mind.
                  | [potion of mutation]
   661 | D        | Lost mutation: You have a pair of small antennae on your
                  | head. [potion of mutation]
   661 | D        | Lost mutation: You expend magic power (3 MP) to strengthen
                  | your wands. [potion of mutation]
   661 | D        | Gained mutation: You have hidden genetic defects. [potion
                  | of mutation]
   661 | D        | Gained mutation: Your system is resistant to poisons.
                  | (rPois) [potion of mutation]
   664 | D        | Lost mutation: You have hidden genetic defects. [potion of
                  | mutation]
   664 | D        | Gained mutation: Your body sometimes deteriorates upon
                  | taking damage. [potion of mutation]
   664 | D        | Gained mutation: Your flesh is cold resistant. (rC+)
                  | [potion of mutation]
   669 | D        | Noticed a water elemental
   684 | D        | Mangled by a water elemental

Illustrated notes

Levels and vault maps discovered:
D:        dungeon_sprint_mu [sprint_mu_entry_cave, sprint_mu_temple_rooms,
          sprint_mu_d1_horrors, sprint_mu_d2_genie, sprint_mu_d3_branching,
          sprint_mu_orc_legion, sprint_mu_elf_gauntlet, sprint_mu_hive_nellie,
          sprint_mu_lair_fedhas, sprint_mu_vaults_butterflies,
          sprint_mu_slime_circle, sprint_mu_swamp_cave, sprint_mu_snake_twists,
          sprint_mu_blade_basic, sprint_mu_crypt_fortress,
          sprint_mu_tomb_spiral, sprint_mu_vestibule_basic,
          sprint_mu_gehenna_hellfire, sprint_mu_dis_giant,
          sprint_mu_tartarus_statrot, sprint_mu_cocytus_islands, sprint_mu_zot1]

Skill      XL: |  1  2  3 |
---------------+----------+-----
Spellcasting   | 8 9 |  9.9
Dodging        | 3 |  3.9
Stealth        | 3 |  3.7
Conjurations   | 2 |  2.5
Hexes          | |  0.9
Summonings     | |  1.4
Translocations | |  1.2

Action                   |  1- 3 |  4- 6 || total
-------------------------+-------+-------++-------
Melee: Dagger            |     3 |       ||     3
 Cast: Magic Dart        |    23 |     6 ||    29
       Slow              |     2 |       ||     2
       Blink             |     1 |     2 ||     3
       Call Imp          |     1 |     1 ||     2
       Mephitic Cloud    |     1 |       ||     1
  Use: Potion            |       |     3 ||     3
 Stab: Confused          |     1 |       ||     1
Dodge: Dodged            |     4 |       ||     4

Table legend: (Time is in decaauts)
 A = Elapsed time spent in this place.
 B = Non-inter-level travel time spent in this place.
 C = Inter-level travel time spent in this place.
 D = Time resting spent in this place.
 E = Time spent auto-exploring this place.
 F = Levels seen in this place.
 G = Mean time per level.
                   A        B        C        D        E       F      G
               +--------+--------+--------+--------+--------+-----+--------+
         Total |    689 |    689 |      0 |    520 |      0 |   1 |  689.0 |
       Dungeon |    689 |    689 |      0 |    520 |      0 |   1 |  689.0 |
               +--------+--------+--------+--------+--------+-----+--------+

Top non-repeatable levels by time:
       D: 689 daAuts
